 Dungeon Crawl Stone Soup version 0.17-a0-1399-gd5b76e1 (webtiles) character file.

106 urechis the Poker (level 4, -7/33 HPs)
             Began as a Merfolk Gladiator on June 19, 2015.
             Mangled by an ogre
             ... wielding a +0 giant spiked club
              (19 damage)
             ... on level 4 of the Dungeon.
             The game lasted 00:02:22 (1473 turns).

urechis the Poker (Merfolk Gladiator)               Turns: 1473, Time: 00:02:23

Health: -7/33      AC:  4    Str: 15    XL:     4   Next: 84%
Magic:  0/4        EV: 13    Int:  7    God:
Gold:   155        SH:  0    Dex: 15    Spells: 0 memorised, 3 levels left

rFire  . . .     SeeInvis .     a - +0 trident
rCold  . . .     Clarity  .     b - +0 leather armour
rNeg   . . .     SustAt   .     (no shield)
rPois  .         Gourm    .     c - +0 helmet
rElec  .         Spirit   +     (no cloak)
rCorr  .         Warding  .     (no gloves)
rMut   .         Stasis   .     (no boots)
MR     .....                    n - amulet of guardian spirit
Stlth  +.........               (no ring)
                                (no ring)

@: not resistant to hostile enchantments, very unstealthy
A: change form in water, swift swim
a: no special abilities


You were on level 4 of the Dungeon.
You were not hungry.

You visited 1 branch of the dungeon, and saw 3 of its levels.

You collected 155 gold pieces.

Inventory:

Hand weapons
 a - a +0 trident (weapon)
Missiles
 e - 3 throwing nets (quivered)
Armour
 b - a +0 leather armour (worn)
 c - a +0 helmet (worn)
Jewellery
 n - an amulet of guardian spirit (around neck)
 o - an uncursed amulet of clarity
Scrolls
 f - a scroll of blinking {unknown}
 i - a scroll of teleportation {unknown}
 j - a scroll of remove curse {unknown}
 k - 3 scrolls of identify {unknown}
Potions
 g - 3 potions of might {unknown}
 h - a potion of agility {unknown}
 l - a potion of brilliance {unknown}
 p - a potion of curing {unknown}
Comestibles
 d - a bread ration
 m - 3 fruits


   Skills:
 - Level 2.1 Fighting
 + Level 7.8 Polearms
 - Level 2.0 Throwing
 - Level 4.0 Dodging


You had 3 spell levels left.
You didn't know any spells.

Dungeon Overview and Level Annotations

Branches:
Dungeon (4/15)
 Temple: D:4-7

Altars:
Nemelex Xobeh


Message History

The magic dart hits you!
You hit the orc wizard.
The orc wizard is lightly wounded.
The orc wizard closely misses you.
You hit the orc wizard.
The orc wizard is moderately wounded.
The orc wizard hits you with a dagger. x2
You puncture the orc wizard!
You kill the orc wizard!
The orc closely misses you.
You hit the orc.
The orc is lightly wounded.
You hear the hiss of a very distant avalanche of sand.
You puncture the orc!
You kill the orc!
You puncture the ogre!
The ogre is moderately wounded.
The ogre hits you with a giant spiked club!!
Ouch! That really hurt!
You die...

####### #.....###
#.###.... #.# #####
#.### ..#########
#...# ......O@..#
###.# ..#######.# #.#
######.########.#####
.....................#
########.#######.###.#
#.# #...(.. #.#
#.#.... #.# ##.#.#.#
#.######....#)#


You could see an ogre.

Vanquished Creatures
  An orc wizard (D:4)
  Jessica (D:4)
  2 adders (D:2)
  An ooze (D:1)
  2 orcs (D:4)
  A bat (D:2)
  9 goblins
  2 hobgoblins (D:2)
  4 jackals (D:4)
  2 giant cockroaches (D:2)
  A giant newt (D:4)
  3 kobolds
  A rat (D:2)
30 creatures vanquished.

Notes
Turn   | Place    | Note
--------------------------------------------------------------
     0 | D:1      | urechis the Merfolk Gladiator began the quest for the Orb.
     0 | D:1      | Reached XP level 1. HP: 16/16 MP: 1/1
    71 | D:1      | Reached skill level 5 in Polearms
   351 | D:1      | Reached XP level 2. HP: 12/22 MP: 2/2
   941 | D:2      | Reached skill level 6 in Polearms
   941 | D:2      | Reached XP level 3. HP: 17/27 MP: 3/3
  1160 | D:2      | You fall through a shaft for 2 floors!
  1192 | D:4      | Found a sparkling altar of Nemelex Xobeh.
  1192 | D:4      | Noticed Jessica
  1199 | D:4      | Killed Jessica
  1199 | D:4      | Reached skill level 7 in Polearms
  1199 | D:4      | Reached XP level 4. HP: 17/33 MP: 2/4
  1441 | D:4      | Noticed an ogre
  1473 | D:4      | Mangled by an ogre

Vault maps used:
D:1:      tarquinn_simple_flora_water_a
D:2:      kennysheep_generic_room_7
D:4:      kennysheep_goblin_castle, lemuel_doored_altar,
          gup_ossuary_entry_pyramid, minmay_misc_feat_hallway,
          hangedman_decor_slide_cut, nemelex_lonely_heart_becter

Action                   |  1- 3 |  4- 6 || total
-------------------------+-------+-------++-------
Melee: Trident           |    74 |    45 ||   119
  Eat: Chunk             |     1 |     1 ||     2
